 Dungeon Crawl Stone Soup version 0.30.1-11-g7821555f0a (webtiles) character file.

Game seed: 14316727946299003759

1444 monsoonserge the Skirmisher (level 8, -8/40 HPs)
             Began as a Spriggan Hunter on Oct 31, 2023.
             Was an Initiate of Okawaru.
             Killed by divine providence
             ... invoked by an orc priest
              (12 damage)
             ... on level 6 of the Dungeon.
             The game lasted 00:14:32 (4978 turns).

monsoonserge the Skirmisher (Spriggan Hunter)       Turns: 4978, Time: 00:14:32

Health: -8/40      AC:  4    Str:  7    XL:     8   Next: 46%
Magic:  10/10      EV: 25    Int: 11    God:    Okawaru [......]
Gold:   217        SH:  5    Dex: 20    Spells: 7/9 levels left

rFire   . . .        B - +0 arbalest
rCold   . . .        (shield currently unavailable)
rNeg    . . .        G - +1 robe of Okawaru {rElec}
rPois   .            (helmet restricted)
rElec   +            v - +0 cloak
rCorr   .            (gloves unavailable)
SInv    +            (boots unavailable)
Will    +....        m - amulet of reflection
Stlth   +++          J - +5 ring of evasion
HPRegen 0.26/turn    D - ring of flight
MPRegen 0.12/turn

%: reflection
@: flying, studying Polearms, very quick
A: very small, no large weapons, unfitting armour, see invisible, speed 3
a: Renounce Religion


You were on level 6 of the Dungeon.
You worshipped Okawaru.
Okawaru was noncommittal.
You visited 2 branches of the dungeon, and saw 7 of its levels.
You also visited: Sewer.

You collected 276 gold pieces.
You spent 59 gold pieces at shops.

Inventory:

Hand Weapons
 a - a +0 shortbow
 l - a +0 dagger
 q - a +0 sling
 A - a +1 scimitar of holy wrath
 B - a +0 arbalest (weapon)
Missiles
 f - 9 poisoned darts
 F - 6 atropa-tipped darts
Armour
 k - a +0 buckler
 v - a +0 cloak (worn)
 G - the +1 robe of Okawaru (worn) {rElec}
   (You found it on level 3 of the Dungeon)

   rElec:     It insulates you from electricity.
Magical Staves
 z - a staff of fire
 M - a staff of air
Jewellery
 m - an amulet of reflection (around neck)
 r - an amulet of the acrobat
 C - a ring of ice
 D - a ring of flight (right hand)
 J - a +5 ring of evasion (left hand)
Wands
 c - a wand of roots (6)
 O - a wand of flame (14)
Scrolls
 b - a scroll of immolation
 d - 3 scrolls of enchant armour {unknown}
 e - 3 scrolls of magic mapping {unknown}
 g - 7 scrolls of identify {unknown}
 h - 2 scrolls of silence {unknown}
 i - a scroll of poison {unknown}
 o - 2 scrolls of amnesia {unknown}
 p - a scroll of fear {unknown}
 w - 3 scrolls of fog {unknown}
 x - a scroll of acquirement {unknown}
 y - 2 scrolls of blinking
 E - a scroll of enchant weapon {unknown}
 K - a scroll of teleportation {unknown}
 L - a scroll of noise {unknown}
Potions
 j - a potion of lignification {unknown}
 n - 4 potions of curing {unknown}
 s - 2 potions of flight {unknown}
 t - a potion of haste {unknown}
 u - 2 potions of attraction {unknown}
 H - 2 potions of mutation {unknown}
 I - 2 potions of heal wounds {unknown}
 N - a potion of might {unknown}


   Skills:
 + Level 3.5 Fighting
 + Level 9.5 Ranged Weapons
 + Level 4.6 Dodging
 + Level 2.9 Stealth
 - Level 1.0 Shields
 - Level 1.0 Spellcasting
 - Level 3.0 Translocations


You had 7 spell levels left.
You knew the following spells:

 Your Spells              Type           Power      Damage    Failure   Level
a - Blink                 Tloc           14%        N/A       14%         2

Your spell library contained the following spells:

 Spells                   Type           Power      Damage    Failure   Level
 Lesser Beckoning         Tloc           14%        N/A       14%         2
 Momentum Strike          Conj/Tloc      6%         3d8       26%         2
 Beastly Appendage        Tmut           0%         N/A       32%         1
 Freeze                   Ice            0%         1d3       32%         1
 Sandblast                Erth           0%         2d4       32%         1
 Ensorcelled Hibernation  Hex/Ice        0%         N/A       43%         2
 Passwall                 Tmut/Erth      0%         N/A       43%         2
 Wereblood                Tmut           0%         N/A       43%         2
 Frozen Ramparts          Ice            0%         1d1       67%         3
 Hailstorm                Conj/Ice       0%         3d3       67%         3
 Spider Form              Tmut/Pois      0%         N/A       67%         3
 Stone Arrow              Conj/Erth      0%         3d7       67%         3
 Ice Form                 Ice/Tmut       0%         N/A       97%         4
 Petrify                  Tmut/Erth      0%         N/A       97%         4
 Simulacrum               Ice/Necr       Unusable   N/A       N/A         6

Dungeon Overview and Level Annotations

Branches:
Dungeon (6/15)             Temple (1/1) D:5           Sewer (visited)

Altars:
Ashenzari
Dithmenos
Elyvilon
Fedhas
Gozag
Hepliaklqana
Kikubaaqudgha
Makhleb
Nemelex Xobeh
Okawaru
Qazlal
Ru
Sif Muna
Trog
Vehumet
Wu Jian
Xom
Zin
The Shining One

Shops:
D:3 *   D:4 [


Innate Abilities, Weirdness & Mutations

You are very small and have problems with some larger weapons.
You are too small for most types of armour.
You have supernaturally acute eyesight. (SInv)
You cover ground extremely quickly. (Speed+++)


Message History

You reach down and open the door.
An orc and an orc priest come into view.
You shoot a bolt. The bolt hits the orc priest!
The orc priest shouts!
The orc priest is severely wounded.
You hear a shout! x3
An orc comes into view. It is wielding a +0 dagger.
An orc wizard comes into view. It is wielding a +0 dagger.
An orc comes into view. It is wielding a +0 whip.
The orc wizard casts a spell.
The orc wizard flickers and vanishes for a moment.
The orc priest misses you.
The orc moves out of view.
The orc shouts!
You shoot a bolt.
The bolt hits the orc but does no damage.
You shoot a bolt. The bolt closely misses the orc priest.
You shoot a bolt. The bolt closely misses the orc priest.
The bolt barely misses the orc. x2
The orc priest calls down the wrath of Beogh upon you.
Beogh smites you! The orc wizard casts a spell at you.
You resist with almost no effort.
You shoot a bolt. The bolt hits the orc!
You kill the orc!
Okawaru accepts your kill.
You shoot a bolt. The bolt barely misses the orc priest.
You shoot a bolt. The bolt barely misses the orc priest.
You shoot a bolt.
The bolt hits the orc priest but does no damage.
The orc priest is heavily wounded.
The orc priest looks encouraged for a moment.
The orc priest closely misses you.
The orc priest calls down the wrath of Beogh upon you.
Beogh smites you!
The orc priest calls down the wrath of Beogh upon you.
Beogh smites you!
* * * LOW HITPOINT WARNING * * *
The orc priest calls down the wrath of Beogh upon you.
Beogh smites you!
You die...

#.#..........#
#.#.#.######.#
#.#........# #.###.####.#
#.###'##.#.#.# ..
#.#....#..<#.# ...
#.#.)#.#...#.#....
#.#.#..##..#.#.....
#.#....##.@........
#.##+###..........
#.#...#.#.......##
.#.####.#.#...........###
................o........
.#..###.#.###.#†......##
# .>.#.# #.##[o..o.#
##....# #.##.o....#
##.#.# #.##......#


You could see an orc priest, an orc wizard (invisible) and 2 orcs.

Vanquished Creatures
  Grinder (D:3)
  Sigmund (D:4)
  Menkaure (D:5)
  A water moccasin (D:5)
  An ice beast (D:4)
  A black bear (D:6)
  3 bullfrogs
  A howler monkey (D:5)
  2 hounds (D:5)
  Crazy Yiuf (D:2)
  An orc priest (D:6)
  Terence (D:3)
  Natasha (D:3)
  Robin (D:3)
  12 adders
  4 gnolls (D:3)
  A shadow imp (D:6)
  An ufetubus (D:5)
  3 worms
  A dart slug (D:5)
  3 orcs
  14 ball pythons
  17 endoplasms
  5 giant cockroaches
  12 goblins
  12 hobgoblins
  18 quokkas
  5 bats
  16 frilled lizards
  2 kobolds (D:2)
  4 rats
147 creatures vanquished.

Notes
Turn   | Place    | Note
-------+----------+-------------------------------------------
     0 | D:1      | monsoonserge the Spriggan Hunter began the quest for the
                  | Orb.
     0 | D:1      | Reached XP level 1. HP: 10/10 MP: 2/2
   321 | D:1      | Reached XP level 2. HP: 11/14 MP: 3/3
   798 | D:2      | Reached XP level 3. HP: 18/18 MP: 4/4
   876 | D:2      | Reached skill level 5 in Ranged Weapons
  1081 | D:2      | Found a runed translucent door.
  1082 | D:2      | Noticed Crazy Yiuf
  1249 | D:2      | Reached XP level 4. HP: 23/23 MP: 5/5
  1415 | D:2      | Killed Crazy Yiuf
  1509 | D:3      | Noticed Grinder
  1511 | D:3      | Paralysed by Grinder for 4 turns
  1528 | D:4      | Noticed Sigmund
  1603 | D:4      | Found Lovi's Antique Armour Shop.
  1670 | D:4      | Found a glowing drain.
  1709 | Sewer    | Entered a sewer
  1856 | Sewer    | Reached XP level 5. HP: 26/26 MP: 6/6
  1949 | Sewer    | Reached skill level 6 in Ranged Weapons
  2139 | Sewer    | Reached skill level 1 in Shields
  2139 | Sewer    | Reached XP level 6. HP: 19/31 MP: 7/7
  2404 | D:4      | Learned a level 2 spell: Blink
  2435 | D:3      | Found Rouvaf's General Store.
  2444 | D:3      | Bought 6 atropa-tipped darts for 59 gold pieces
  2469 | D:3      | Found a faded altar of an unknown god.
  2508 | D:3      | Found a broken altar of Ashenzari.
  2532 | D:3      | Noticed Robin
  2548 | D:3      | Killed Robin
  2637 | D:3      | Identified the +1 robe of Okawaru {rElec}
  2685 | D:3      | Noticed Terence
  2701 | D:3      | Killed Terence
  2710 | D:3      | Reached skill level 1 in Translocations
  2760 | D:3      | Noticed Natasha
  2762 | D:3      | Killed Natasha
  2763 | D:3      | Reached skill level 7 in Ranged Weapons
  2847 | D:3      | Got the Notes on Amorphous Glamour
  2902 | D:3      | Paralysed by Grinder for 4 turns
  2911 | D:3      | Killed Grinder
  2912 | D:3      | Reached skill level 1 in Spellcasting
  2912 | D:3      | Reached XP level 7. HP: 35/35 MP: 9/9
  3271 | D:4      | Killed Sigmund
  3272 | D:4      | Reached skill level 8 in Ranged Weapons
  3609 | D:5      | Entered Level 5 of the Dungeon
  3800 | D:5      | Reached XP level 8. HP: 40/40 MP: 10/10
  3924 | D:5      | Noticed Menkaure
  3928 | D:5      | Killed Menkaure
  3929 | D:5      | Reached skill level 9 in Ranged Weapons
  3939 | D:5      | Found a glowing golden altar of the Shining One.
  3942 | D:5      | Found a hazy altar of Hepliaklqana.
  4026 | D:5      | Found an opulent altar of Gozag.
  4112 | D:5      | Found a staircase to the Ecumenical Temple.
  4121 | Temple   | Entered the Ecumenical Temple
  4308 | Temple   | Became a worshipper of Warmaster Okawaru
  4978 | D:6      | Killed from afar by an orc priest

Illustrated notes

Levels and vault maps discovered:
D:1:      roderic_chinese_lattice_arrival, layout_rooms, serial_curves,
          eino_curves_04, eino_curves_04, minmay_crystal_room,
          corexii_leaking_fountain
D:2:      layout_basic, minmay_pentomino_pile, uniq_crazy_yiuf_cottage
D:3:      layout_loops_ring, mainiacjoe_overflow_brackets,
          shapermc_ecumenical_altar_hornbeckon, serial_shops,
          nicolae_shop_rolling_square, uniq_terence, uniq_robin, uniq_grinder,
          uniq_natasha
D:4:      layout_loops_cross, serial_shops, nicolae_shop_stone,
          gup_sewer_entry_pipe, uniq_sigmund
D:5:      layout_layer_cave, kennysheep_mini,
          mainiacjoe_overflow_catwalk_spiral, minmay_temple_entry_tees,
          nicolae_concentric_dashed_squares_wild, grunt_ministairs_7,
          uniq_menkaure
D:6:      layout_basic, cheibriados_altar_1, kennysheep_generic_room_14,
          uniq_duvessa
Temple:   bh_familiar_temple

Skill      XL: |  1  2  3  4  5  6  7  8 |
---------------+-------------------------+-----
Stealth        | 2 |  2.9
Ranged Weapons | 5 6 7 8 9 |  9.5
Dodging        | 3 4 |  4.6
Fighting       | 2 3 |  3.5
Shields        | 1 |  1.0
Translocations | 2 3 |  3.0
Spellcasting   | 1 |  1.0

Action                     |  1- 3 |  4- 6 |  7- 9 || total
---------------------------+-------+-------+-------++-------
   Fire: Shortbow          |    41 |       |       ||    41
         Sling             |    69 |   201 |       ||   270
         Arbalest          |       |    63 |    89 ||   152
 Armour: Robe              |     4 |    18 |     1 ||    23
  Dodge: Dodged            |    20 |   119 |    54 ||   193
  Block: Buckler           |    14 |    65 |       ||    79
         Other             |     1 |     4 |    11 ||    16
